Map: Reclamation LE

Players

Jesse

  • Race: Terran Terran
  • Spawn Location: 12:00

OldGravyLeg

  • Race: Zerg Zerg
  • Spawn Location: 11:00

MattBarry

  • Race: Terran Terran
  • League: Gold
  • Spawn Location: 5:00

MattBarry

  • Race: Zerg Zerg
  • League: Silver
  • Spawn Location: 6:00

VOD

Have the link to the VOD?

Description

Time

  • Played on: Jan. 19, 2023, 10:18 p.m.
  • Length: 14:45
Show
View Real Time Build Order
Export as new Build Order

Jesse Terran 

Build Orders:  

Get SALT Encoding   

  12  0:01  SCV  
  13  0:13  SCV  
  14  0:25  SCV  
  14  0:26  Supply Depot  
  15  0:48  SCV  
  16  0:51  Barracks  
  16  0:52  Refinery  
  16  1:29  SCV  
  17  1:41  SCV  
  17  1:42  Barracks  
  17  1:43  Marine  
  19  2:06  Factory, SCV  
  20  2:12  Supply Depot  
  20  2:15  Command Center  
  20  2:16  Marine  
  21  2:28  SCV  
  22  2:34  Marine x2  
  23  2:53  Hellion  
  23  2:57  Supply Depot  
  24  3:02  Marine  
  24  3:04  Marine  
  26  3:12  SCV  
  27  3:14  Hellion  
  29  3:20  Marine  
  29  3:22  Marine  
  29  3:26  Engineering Bay  
  31  3:36  Hellion  
  31  3:40  Marine  
  34  3:48  Marine  
  35  3:54  Terran Infantry Armor Level 1  
  35  3:58  Widow Mine  
  35  3:59  Missile Turret  
  34  4:21  Marine  
  33  4:39  Marine  
  32  4:56  Marine  
  31  5:05  Marine  
  28  5:07  Widow Mine  
  28  5:14  Marine  
  28  5:19  SCV  
  30  5:23  Marine  
  30  5:24  SCV  
  34  5:28  Widow Mine  
  34  5:29  Refinery  
  34  5:31  SCV  
  35  5:36  SCV  
  35  5:38  Refinery  
  35  5:42  Barracks Reactor  
  36  5:43  Barracks Tech Lab, SCV  
  36  5:48  SCV  
  40  5:50  Widow Mine  
  40  5:56  SCV  
  41  5:57  Terran Infantry Weapons Level 1  
  41  6:00  SCV  
  42  6:08  Armory  
  42  6:09  SCV  
  45  6:11  Widow Mine  
  45  6:21  Marine x2, SCV  
  45  6:22  Stimpack  
  45  6:24  Marauder  
  52  6:32  Widow Mine  
  52  6:33  SCV  
  53  6:46  SCV  
  54  7:03  Orbital Command  
  54  7:18  Factory Tech Lab  
  54  7:27  Factory  
  54  7:35  Supply Depot  
  54  7:36  Marine, SCV, Marauder  
  58  7:38  Supply Depot, Drilling Claws  
  58  7:40  Cyclone  
  58  7:42  Terran Vehicle And Ship Armor Level 1  
  61  7:48  SCV  
  62  7:57  Marine  
  63  8:00  SCV  
  63  8:02  Concussive Shells  
  63  8:03  Starport  
  64  8:12  SCV  
  64  8:18  Factory Reactor  
  64  8:19  Supply Depot  
  64  8:20  Marine x2  
  64  8:21  Marauder  
  64  8:23  Armory  
  64  8:25  SCV  
  69  8:38  Marine x2  
  71  8:44  Starport Reactor, Combat Shield  
  71  8:46  Supply Depot  
  71  8:55  Ghost Academy  
  71  8:59  Thor  
  71  9:00  Marine  
  71  9:01  Marine  
  71  9:02  Marauder  
  81  9:09  Supply Depot  
  81  9:12  Supply Depot  
  82  9:17  SCV  
  82  9:18  Marine x2  
  82  9:19  Refinery  
  84  9:28  Personal Cloaking  
  84  9:29  SCV  
  84  9:31  Widow Mine x2  
  87  9:34  Command Center  
  87  9:40  Marine x2  
  87  9:41  SCV  
  87  9:44  Medivac  
  87  9:45  Supply Depot  
  92  9:53  SCV  
  92  9:58  Widow Mine x2  
  97  10:01  Refinery  
  97  10:05  SCV  
  98  10:26  Widow Mine x2  
  98  10:27  Terran Vehicle And Ship Armor Level 2  
  102  10:46  Barracks, Medivac x2  
  102  10:47  Widow Mine  
  102  10:48  Widow Mine  
  110  10:51  Marine x2  
  112  10:57  SCV  
  112  10:59  Refinery  
  113  11:09  Widow Mine x2, SCV  
  113  11:10  Thor  
  126  11:18  Marauder  
  126  11:19  Marine x2  
  128  11:27  SCV  
  128  11:30  Widow Mine x2  
  133  11:34  Terran Infantry Armor Level 2  
  133  12:07  Supply Depot  
  133  12:26  Widow Mine, Marine x2, SCV x2, Marauder  
  133  12:29  Widow Mine  
  143  12:32  Supply Depot  
  143  12:38  SCV x2  
  143  12:44  Marine  
  129  12:48  Widow Mine, Marauder  
  129  12:50  Widow Mine, SCV  
  134  13:09  Marine x3  
  134  13:10  Marine  
  134  13:11  Thor  
  134  13:12  Widow Mine x2  
  146  13:28  Marauder  
  146  13:33  Widow Mine x2  
  146  13:43  Marine x3  
  149  13:49  Marauder  
  149  13:54  Thor  
  156  14:01  Marine x2  
  157  14:04  Marine  
  155  14:11  Marauder  
Show
View Real Time Build Order
Export as new Build Order

OldGravyLeg Zerg 

Build Orders: Hatch First 

Get SALT Encoding   

  12  0:00  Drone  
  13  0:13  Overlord  
  13  0:16  Drone  
  14  0:31  Drone x2  
  16  0:47  Drone  
  16  0:48  Drone  
  18  0:59  Hatchery  
  18  1:02  Drone, Extractor  
  17  1:07  Drone  
  18  1:18  Drone  
  19  1:24  Spawning Pool  
  18  1:29  Drone  
  19  1:42  Drone  
  20  1:52  Drone  
  21  2:01  Overlord  
  21  2:12  Drone x2  
  23  2:19  Queen, Metabolic Boost  
  23  2:20  Queen  
  27  2:26  Drone x2  
  29  2:33  Zergling x2  
  29  2:34  Zergling x2  
  31  2:45  Zergling x2  
  32  2:54  Hatchery  
  31  3:00  Zergling x6  
  31  3:05  Queen, Overlord  
  36  3:06  Overlord  
  36  3:21  Overlord x2  
  36  3:28  Zergling x4  
  36  3:33  Zergling x6  
  41  3:34  Zergling x2  
  41  3:35  Zergling x4  
  44  3:43  Drone x2  
  46  3:56  Lair  
  46  3:57  Drone x2  
  46  3:59  Drone  
  46  4:00  Drone  
  46  4:02  Zergling x2  
  48  4:37  Zergling x14  
  51  4:47  Zergling x2  
  51  4:48  Zergling x6  
  51  4:49  Zergling x4  
  54  4:59  Extractor  
  49  5:02  Extractor  
  49  5:03  Zergling x4, Extractor  
  49  5:04  Zergling x2  
  50  5:12  Zergling x6  
  52  5:17  Zergling x2  
  52  5:21  Zergling x4  
  55  5:23  Drone x2  
  55  5:25  Drone  
  52  5:38  Zergling x6  
  52  5:39  Zergling x12  
  54  5:48  Zergling x4  
  53  5:52  Drone  
  53  5:53  Drone x5  
  53  5:54  Drone x2  
  61  6:02  Spire  
  61  6:03  Drone x4  
  64  6:06  Drone x2  
  66  6:12  Overseer x3  
  66  6:17  Drone x2  
  68  6:21  Extractor, Drone  
  68  6:22  Extractor  
  67  6:28  Drone x4  
  67  6:30  Drone  
  71  6:54  Drone x2  
  71  6:55  Drone  
  71  6:56  Overlord  
  71  6:59  Overlord x2  
  74  7:04  Hydralisk Den  
  73  7:10  Evolution Chamber x2  
  73  7:14  Infestation Pit, Drone  
  73  7:15  Drone x3  
  73  7:16  Evolution Chamber, Drone x5  
  73  7:17  Drone x2  
  80  7:25  Drone  
  81  7:31  Drone  
  81  7:33  Baneling Nest  
  81  7:39  Zerg Melee Weapons Level 1  
  81  7:41  Zerg Missile Weapons Level 1  
  81  7:42  Zerg Ground Armor Level 1  
  81  7:43  Zerg Flyer Weapons Level 1  
  81  7:46  Mutalisk x2  
  81  7:50  Muscular Augments  
  85  7:53  Mutalisk  
  87  7:59  Hive  
  87  8:07  Mutalisk x2  
  87  8:08  Mutalisk  
  93  8:14  Mutalisk  
  93  8:17  Zergling x2  
  93  8:18  Zergling x4  
  98  8:23  Centrifugal Hooks  
  98  8:29  Baneling x3  
  98  8:30  Baneling  
  98  8:32  Baneling  
  96  8:43  Baneling x2  
  96  8:44  Baneling x6  
  96  8:46  Zergling x4  
  96  8:48  Overlord x7  
  98  8:49  Overlord  
  98  8:58  Overlord x2  
  98  8:59  Overlord  
  98  9:01  Grooved Spines  
  98  9:07  Hydralisk x4  
  98  9:09  Mutalisk  
  106  9:14  Drone x2  
  110  9:24  Hatchery  
  109  9:33  Mutalisk x5  
  109  9:37  Zerg Flyer Armor Level 1  
  119  9:44  Hydralisk x2  
  119  9:45  Hydralisk x2  
  122  10:21  Hydralisk  
  122  10:22  Hydralisk x3  
  122  10:27  Ultralisk Cavern  
  126  10:54  Drone x3  
  126  10:55  Drone x6  
  135  10:58  Viper x3  
  135  11:03  Zerg Melee Weapons Level 2  
  144  11:05  Zerg Missile Weapons Level 2  
  144  11:11  Pneumatized Carapace  
  144  11:16  Drone  
  144  11:17  Drone x6  
  151  11:25  Unknown  
  151  11:26  Hatchery  
  149  11:34  Baneling x5  
  149  11:40  Adrenal Glands  
  150  11:58  Extractor  
  145  12:13  Ultralisk x3  
  145  12:14  Zergling x2  
  176  12:16  Overlord x6  
  176  12:17  Overlord  
  176  12:21  Anabolic Synthesis  
  129  12:46  Ultralisk x4  
  129  12:47  Zergling x4  
  129  12:48  Zergling x6  
  155  13:25  Zergling x2, Ultralisk x3  
  155  13:26  Zergling x4  
  161  13:46  Ultralisk  
  161  13:47  Ultralisk  
  161  13:48  Zergling x10  
  174  14:02  Zergling x8  
  178  14:13  Hatchery  
  189  14:20  Hatchery x2  
Show
View Real Time Build Order
Export as new Build Order

MattBarry Terran 

Build Orders: 2 Factory 

Get SALT Encoding   

  12  0:00  SCV  
  13  0:12  SCV  
  14  0:17  Supply Depot  
  14  0:25  SCV  
  15  0:29  Refinery  
  15  0:38  SCV  
  16  0:45  Barracks  
  16  0:50  SCV  
  17  1:03  SCV  
  18  1:15  SCV  
  19  1:19  Supply Depot  
  19  1:27  SCV  
  20  1:33  Reaper  
  20  1:39  Orbital Command  
  21  1:58  Command Center  
  21  2:05  SCV  
  21  2:06  Barracks Reactor  
  22  2:14  Factory  
  22  2:17  SCV  
  23  2:23  Refinery  
  23  2:26  Supply Depot  
  23  2:29  SCV  
  24  2:42  SCV  
  24  2:59  Barracks Tech Lab  
  24  3:02  Factory  
  24  3:05  Hellion x2  
  28  3:09  Orbital Command  
  28  3:12  SCV  
  29  3:26  SCV, Hellion x2  
  34  3:27  Barracks Reactor  
  34  3:34  Starport  
  34  3:35  SCV  
  34  3:39  SCV  
  40  3:48  Widow Mine x2  
  40  3:51  SCV x2  
  42  3:56  Siege Tank  
  43  4:26  Hellion x2  
  39  4:43  Siege Tank  
  28  4:54  Orbital Command  
  28  4:56  Hellion  
  28  4:57  Hellion  
  32  5:20  SCV x2  
  34  5:24  Armory  
  38  5:28  Hellion x2  
  38  5:29  Hellion  
  40  5:41  SCV x2  
  42  5:53  SCV x2  
  44  6:05  Supply Depot, SCV x2  
  44  6:06  Supply Depot, Liberator x2  
  44  6:09  Hellion  
  54  6:13  Supply Depot  
  54  6:18  Infernal Pre-Igniter  
  54  6:22  Refinery  
  54  6:27  Hellion, SCV x2, Siege Tank  
  61  6:32  Terran Vehicle Weapons Level 1  
  61  6:39  SCV  
  62  6:42  Engineering Bay  
  62  6:48  Widow Mine  
  64  6:54  SCV x2  
  64  6:55  Refinery  
  66  7:03  Siege Tank  
  66  7:06  SCV x2  
  71  7:14  Command Center  
  71  7:18  SCV x2  
  71  7:21  Widow Mine x2  
  77  7:33  Viking x2  
  77  7:35  SCV x2  
  77  7:36  Supply Depot  
  83  7:37  Supply Depot x2  
  83  7:38  Siege Tank  
  86  7:47  SCV x2  
  88  7:59  SCV x2  
  88  8:03  Liberator  
  88  8:04  Liberator  
  96  8:11  SCV x2  
  98  8:14  Hellion x2  
  105  8:20  Supply Depot x2  
  105  8:23  SCV x2  
  107  8:33  Thor  
  110  8:38  Missile Turret  
  110  8:40  Missile Turret  
  110  8:42  Missile Turret  
  110  8:45  Missile Turret  
  110  8:46  Widow Mine  
  110  8:47  Widow Mine  
  114  8:53  Orbital Command  
  114  8:59  Liberator  
  117  9:21  SCV x3  
  120  9:33  SCV  
  120  9:38  SCV x2  
  123  9:45  SCV  
  124  9:50  Widow Mine x2, SCV x2, Siege Tank  
  124  9:52  Liberator x2  
  139  9:57  Supply Depot  
  139  9:58  Supply Depot, Terran Vehicle Weapons Level 2  
  139  10:00  Factory  
  139  10:03  Command Center  
  132  10:25  Thor  
  132  10:26  Hellion x2  
  142  10:31  Refinery  
  142  10:32  Refinery  
  142  10:53  Hellion x2  
  146  11:02  Factory Tech Lab  
  146  11:07  Armory  
  146  11:08  Thor  
  152  11:18  Missile Turret  
  152  11:19  Missile Turret  
  152  11:20  Widow Mine x2  
  156  11:26  Thor  
  156  11:31  Orbital Command  
  131  13:12  Thor x2  
  128  13:13  Hellion x2  
  68  14:08  Hellion x2  
  78  14:21  Factory  
  78  14:23  Factory  
Show
View Real Time Build Order
Export as new Build Order

MattBarry Zerg 

Build Orders: Pool First 

Get SALT Encoding   

  12  0:00  Drone  
  13  0:12  Overlord  
  13  0:33  Drone  
  13  0:34  Drone x2  
  16  0:36  Extractor  
  15  0:49  Spawning Pool, Drone  
  15  1:04  Drone  
  16  1:36  Hatchery  
  16  1:37  Drone  
  16  1:38  Zergling x4  
  18  1:41  Metabolic Boost  
  18  2:10  Zergling x4  
  20  2:16  Queen  
  22  2:24  Evolution Chamber  
  21  2:49  Queen  
  23  2:51  Drone  
  24  3:02  Drone  
  24  3:03  Drone x3  
  28  3:12  Overlord  
  28  3:16  Zerg Melee Weapons Level 1  
  28  3:29  Overlord x2  
  28  3:47  Queen  
  30  3:54  Drone x3  
  30  3:55  Drone x2  
  35  4:00  Drone  
  36  4:10  Zergling x2  
  36  4:11  Zergling x4  
  35  4:19  Queen  
  37  4:25  Zergling x2  
  37  4:26  Zergling x4  
  36  4:41  Zergling x4  
  36  4:42  Zergling x8  
  35  5:03  Drone  
  35  5:04  Drone x5  
  40  5:14  Drone  
  41  5:16  Overlord  
  34  5:40  Spine Crawler  
  34  5:41  Drone x6  
  34  5:42  Drone  
  40  5:46  Extractor  
  40  5:48  Roach Warren  
  38  5:54  Drone  
  39  6:01  Zergling x2  
  40  6:06  Zergling x4  
  40  6:07  Zergling x4  
  44  6:21  Hatchery  
  43  6:32  Spore Crawler  
  43  6:34  Spore Crawler, Spine Crawler  
  43  6:37  Spore Crawler x2  
  38  6:40  Zerg Ground Armor Level 1  
  38  6:43  Lair  
  33  7:00  Roach  
  45  7:01  Roach x5  
  45  7:29  Zergling x10  
  50  7:30  Zergling x4  
  52  7:40  Drone  
  52  7:41  Drone x3, Overlord x2  
  53  8:40  Hydralisk Den  
  48  8:42  Roach, Drone x3  
  48  8:43  Roach x6  
  48  8:44  Roach x4  
  48  8:48  Pneumatized Carapace  
  73  8:50  Glial Reconstitution  
  73  8:52  Zerg Missile Weapons Level 1  
  73  9:11  Drone, Overlord x2  
  73  9:12  Overlord  
  74  9:23  Extractor  
  73  9:27  Grooved Spines  
  73  9:29  Queen  
  73  9:31  Hydralisk, Drone x2  
  76  9:32  Hydralisk  
  76  9:33  Overlord  
  76  9:35  Zergling x2  
  82  10:14  Overlord x2  
  82  10:15  Zergling x2  
  82  10:16  Zergling x20  
  93  10:38  Muscular Augments  
  93  10:39  Overlord x2  
  93  10:40  Overlord  
  93  10:47  Overlord x2  
  93  10:50  Hatchery  
  92  11:12  Spire  
  92  11:14  Zerg Ground Armor Level 2  
  91  11:20  Drone x3  
  94  11:26  Hydralisk x5  
  94  11:27  Hydralisk  
  94  11:28  Zergling x2  
  82  12:07  Zergling x2  
  82  12:08  Zergling x14  
  68  12:37  Hydralisk  
  68  12:38  Hydralisk  
  68  12:39  Hydralisk x6  
  68  12:40  Hydralisk x3  
  74  12:45  Queen  
  76  12:52  Drone x4  
  76  12:53  Drone  
  72  13:39  Zergling x2  
  72  13:40  Zergling x32  
  58  13:51  Roach  
Tags
 
Add a new tag
Caveats
  • Supply blocks, unpowered buildings, or Contaminate may cause inaccurate times.
  • Supply counts are checked every 10 seconds.